AoeStats
← KDA HDT

Arabia

507662545Analyzed
4v4 RM · 14d ago on Sep 19, 2026· 18m 53s· 8 players
Game mode
Random Map
Map size
Large (8 player)
Population
200
Speed
Normal
Resources
Standard
Victory
Conquest
Starting age
Dark Age
Ending age
Imperial Age
RankedLock teamsTeams togetherTeam positionsShared explorationLock speedFull tech treeHidden civsTurbo modeCheats
Victory
Defeat
🇨🇳 Ethiopians · China
1786
+13
1712
+16
🇻🇳 Persians · Vietnam
1694
+17
🇺🇸 Lithuanians · United States
1628
+20
🇨🇿 Magyars · Czechia
1799
-20
🇻🇳 Ethiopians · Vietnam
1796
-20
🇦🇷 Chinese · Argentina
1733
-17
🇭🇰 Franks · Hong Kong SAR China
1524
-9
Lastmantillidie
6:08 Loom
8:31 Feudal Age
9:26 Double-Bit Axe
14:43 Horse Collar
17:46 Scale Barding Armor
< blank >
5:26 Loom
5:35 Loom
9:19 Feudal Age
9:59 Double-Bit Axe
12:19 Fletching
saymynameduck
9:20 Feudal Age
12:30 Double-Bit Axe
12:34 Loom
17:21 Scale Barding Armor
19:00 Bloodlines
种田人口才是基本盘
5:47 Loom
9:28 Feudal Age
15:47 Fletching
16:07 Double-Bit Axe
Christheco
5:56 Loom
8:55 Feudal Age
10:14 Double-Bit Axe
10:40 Horse Collar
13:21 Wheelbarrow
qeozouwajqnl
0:26 Loom
9:31 Feudal Age
10:21 Double-Bit Axe
12:20 Fletching
15:56 Padded Archer Armor
体制少妇白洁
5:59 Loom
8:47 Feudal Age
10:08 Town Watch
KDA HDT
2:42 Loom
9:24 Feudal Age
9:57 Double-Bit Axe
14:33 Fletching
Connection lost

Rejoining the realm…

Still unreachable

The connection could not be restored.

Session expired

The server has moved on; the page needs a fresh start.